Map: 세룰리안 폴 - 래더

Players

lllllllllll (sOs)

  • Race: Protoss Protoss
  • League: Master
  • Spawn Location: 1:00

soO - Winner!

  • Race: Zerg Zerg
  • Spawn Location: 7:00

Event: IEM Season 13 - Katowice Server Qualifiers Asia 2

VOD

Have the link to the VOD?

Description

Time

  • Played on: Jan. 22, 2019, 6:15 a.m.
  • Length: 11:38

All games in this series

Show
View Real Time Build Order
Export as new Build Order

lllllllllll Protoss 

Build Orders: 1 Gate Expand, Archon Immortal, Archon Drop, Dark Templar Rush 

Get SALT Encoding   

  12  0:00  Probe  
  13  0:12  Probe  
  14  0:19  Pylon  
  14  0:25  Probe  
  15  0:33  Probe  
  15  0:38  Gateway  
  15  0:41  Probe  
  16  0:47  Assimilator  
  17  0:51  Probe  
  18  1:03  Probe  
  19  1:15  Probe  
  20  1:24  Nexus  
  20  1:35  Cybernetics Core  
  20  1:38  Probe  
  21  1:44  Assimilator  
  21  1:50  Probe  
  22  1:54  Pylon  
  22  2:02  Probe  
  22  2:04  Sentry  
  23  2:13  Warp Gate  
  23  2:14  Probe  
  26  2:26  Probe  
  26  2:28  Stalker  
  27  2:32  Probe  
  27  2:34  Probe  
  30  2:40  Probe  
  30  2:41  Twilight Council  
  30  2:42  Probe  
  31  2:51  Probe  
  33  2:53  Probe  
  35  2:59  Robotics Facility  
  35  3:04  Probe  
  35  3:05  Probe  
  37  3:17  Probe  
  37  3:18  Probe  
  39  3:27  Dark Shrine  
  39  3:30  Gateway  
  39  3:31  Gateway  
  39  3:33  Probe  
  39  3:34  Probe  
  41  3:35  Warp Prism  
  41  3:40  Gateway  
  41  3:48  Probe  
  44  3:49  Probe  
  44  3:52  Pylon  
  44  3:55  Assimilator  
  45  3:57  Assimilator  
  45  4:00  Probe  
  46  4:05  Pylon  
  46  4:09  Pylon  
  46  4:10  Probe  
  46  4:15  Probe  
  48  4:17  Pylon  
  48  4:22  Probe  
  49  4:27  Probe  
  50  4:38  Dark Templar x2  
  50  4:39  Dark Templar  
  50  4:40  Dark Templar  
  50  4:42  Probe  
  50  4:43  Pylon  
  59  4:47  Immortal  
  59  4:55  Charge  
  63  5:08  Gateway  
  63  5:09  Gateway  
  63  5:10  Archon  
  63  5:11  Archon  
  63  5:14  Gateway  
  63  5:16  Sentry, Gateway  
  63  5:17  Sentry, Immortal  
  71  5:37  Sentry, Zealot  
  75  5:44  Zealot  
  75  5:49  Nexus  
  77  5:51  Zealot, Pylon  
  77  5:53  Observer  
  79  6:03  Zealot x2  
  84  6:12  Zealot x2  
  88  6:21  Pylon  
  88  6:22  Pylon  
  88  6:31  Zealot x2  
  92  6:37  Pylon  
  92  6:40  Dark Templar x2  
  92  6:41  Dark Templar x2  
  92  6:42  Zealot  
  92  6:43  Zealot  
  92  6:45  Archon x2  
  96  7:07  Sentry x2, Zealot  
  96  7:09  Sentry  
  96  7:13  Zealot x2  
  96  7:14  Zealot x2  
  82  7:28  Sentry  
  82  7:31  Sentry, Zealot  
  82  7:34  Sentry, Zealot  
  82  7:35  Zealot x3  
  90  7:44  Probe, Immortal  
  90  7:45  Probe x2  
  94  7:57  Zealot x3  
  94  7:58  Zealot x3  
  92  8:00  Zealot  
  72  8:14  Warp Prism  
  62  8:21  Probe  
  62  8:22  Sentry x3  
  62  8:24  Forge  
  61  8:30  Dark Templar  
  61  8:32  Zealot x4  
  71  8:40  Probe, Immortal  
  72  8:41  Probe  
  72  8:45  Protoss Ground Weapons Level 1  
  72  8:46  Shield Battery  
  77  9:01  Templar Archives  
  77  9:05  Probe x3  
  77  9:06  Pylon  
  80  9:13  Assimilator  
  80  9:17  Psionic Storm  
  80  9:18  Assimilator  
  82  9:24  Dark Templar  
  82  9:25  Probe  
  82  9:30  Probe x2  
  87  9:32  Immortal  
  87  9:41  Zealot x3  
  87  9:42  Probe  
  94  9:46  High Templar  
  96  9:53  High Templar  
  96  9:55  Zealot x2  
  96  9:58  Pylon  
  102  10:00  Immortal  
  102  10:10  High Templar  
  108  10:14  Zealot x2  
  108  10:15  Zealot x2  
  108  10:17  High Templar  
  118  10:32  Zealot x2  
  122  10:42  Zealot x3  
  126  10:47  Zealot  
  112  10:51  Immortal  
  112  10:53  Zealot x4  
  112  10:56  Archon  
  96  11:03  Zealot x3  
  90  11:08  Zealot  
  76  11:16  Zealot x4  
  82  11:21  Probe  
  82  11:24  Zealot x3  
Show
View Real Time Build Order
Export as new Build Order

soO Zerg - Winner!

Build Orders: Hatch First 

Get SALT Encoding   

  12  0:00  Drone  
  13  0:12  Overlord  
  13  0:17  Drone  
  14  0:30  Drone x2  
  16  0:49  Hatchery  
  15  0:51  Drone  
  15  0:54  Drone  
  17  0:57  Drone  
  18  1:08  Extractor  
  17  1:15  Spawning Pool  
  17  1:17  Drone  
  17  1:21  Drone  
  18  1:29  Drone  
  19  1:39  Drone  
  20  1:49  Drone  
  20  1:53  Hatchery  
  20  1:59  Drone  
  21  2:07  Queen  
  23  2:12  Metabolic Boost  
  23  2:17  Drone  
  23  2:19  Drone  
  26  2:22  Drone  
  26  2:28  Overlord  
  26  2:35  Queen  
  28  2:46  Drone  
  28  2:47  Zergling x4, Drone  
  32  2:51  Queen  
  32  2:56  Drone  
  32  2:57  Drone  
  36  3:01  Overlord  
  36  3:06  Drone  
  36  3:08  Queen  
  36  3:12  Drone  
  40  3:14  Drone  
  40  3:16  Overlord  
  40  3:19  Drone  
  42  3:21  Drone  
  42  3:25  Drone  
  42  3:26  Drone  
  45  3:28  Drone  
  45  3:29  Drone  
  45  3:30  Drone  
  45  3:33  Drone  
  49  3:37  Overlord  
  49  3:38  Drone  
  50  3:44  Overlord  
  50  3:46  Lair  
  50  3:55  Roach Warren, Drone x2  
  51  3:58  Extractor  
  51  3:59  Drone x3  
  51  4:01  Extractor  
  52  4:03  Drone  
  52  4:05  Drone x2  
  52  4:09  Zergling x4  
  57  4:14  Overlord  
  57  4:15  Zergling x4  
  59  4:18  Overlord  
  59  4:22  Spore Crawler  
  58  4:31  Zergling x6  
  60  4:35  Roach x4  
  60  4:36  Roach  
  71  4:44  Overseer  
  71  4:46  Drone x2  
  73  4:53  Drone x2  
  73  4:55  Drone x2  
  73  4:56  Drone x2  
  79  5:02  Drone  
  79  5:03  Drone x3  
  79  5:06  Overseer  
  81  5:07  Glial Reconstitution  
  81  5:12  Overlord x3  
  81  5:14  Overlord  
  81  5:15  Overlord  
  81  5:19  Overlord  
  81  5:22  Overseer  
  81  5:27  Overlord  
  81  5:32  Roach  
  81  5:33  Roach x3  
  85  5:40  Roach x6  
  97  5:46  Drone x3  
  97  5:47  Extractor  
  97  5:49  Roach x2  
  103  5:59  Drone x3  
  103  6:02  Extractor  
  106  6:04  Drone  
  106  6:06  Hydralisk Den  
  106  6:07  Evolution Chamber  
  106  6:09  Drone x3  
  106  6:10  Drone  
  108  6:14  Overlord  
  108  6:19  Roach x2  
  108  6:20  Roach x3  
  108  6:25  Overlord  
  118  6:29  Roach  
  118  6:32  Roach  
  120  6:36  Roach x4  
  120  6:39  Overlord  
  128  6:42  Ravager  
  128  6:43  Ravager x2  
  128  6:44  Overlord  
  128  6:45  Roach, Zergling x8  
  128  6:46  Zergling x2  
  133  6:55  Roach x2  
  126  7:02  Roach x3  
  126  7:06  Roach x5  
  126  7:07  Roach x2  
  136  7:14  Roach  
  123  7:15  Roach  
  123  7:20  Roach  
  111  7:24  Roach  
  111  7:26  Queen, Roach  
  111  7:30  Queen x2  
  111  7:33  Roach  
  111  7:34  Roach  
  111  7:36  Roach x2  
  119  7:39  Roach x2, Ravager  
  119  7:41  Roach  
  127  7:44  Ravager  
  127  7:48  Roach  
  117  7:51  Roach x2  
  104  8:03  Roach  
  99  8:05  Roach x2, Queen  
  99  8:09  Roach x2  
  96  8:16  Roach  
  88  8:22  Drone  
  88  8:23  Drone x2  
  91  8:28  Zerg Missile Weapons Level 1  
  91  8:32  Grooved Spines  
  91  8:34  Drone  
  90  8:39  Drone x2  
  92  8:43  Drone x2  
  94  8:50  Hydralisk  
  94  8:52  Hydralisk x2  
  94  8:55  Drone  
  101  8:56  Hatchery  
  101  9:00  Hydralisk  
  101  9:01  Hydralisk x3  
  108  9:08  Hydralisk x2  
  111  9:16  Drone x2  
  111  9:17  Drone x2  
  113  9:24  Hydralisk x2  
  113  9:25  Hydralisk  
  119  9:31  Hydralisk x2  
  119  9:36  Zergling x8  
  127  9:45  Roach x3  
  133  9:55  Hydralisk x3  
  133  9:56  Hydralisk  
  139  10:09  Hydralisk x4  
  139  10:10  Zergling x2  
  139  10:11  Zergling x8  
  152  10:21  Overlord  
  152  10:24  Roach x4  
  159  10:30  Overlord  
  159  10:31  Ravager x2  
  159  10:33  Roach x2  
  165  10:40  Roach x4  
  165  10:41  Zergling x2  
  167  10:45  Roach  
  167  10:47  Roach  
  160  10:50  Roach x2  
  160  10:52  Roach  
  160  10:54  Zergling x2  
  144  10:58  Roach x2  
  144  11:00  Roach  
  144  11:02  Roach  
  133  11:07  Hydralisk  
  120  11:12  Roach  
  120  11:13  Roach x3  
  120  11:15  Overseer  

Tags
 
Add a new tag
Caveats
  • Supply blocks, unpowered buildings, or Contaminate may cause inaccurate times.
  • Supply counts are checked every 10 seconds.